Senators vs Penguins

Created - Friday, October 16, 2015 at 03:02

Goals
1 2 3 T
Senators 1 2 3 6
Penguins 0 1 0 1
Shots
1 2 3 T
Senators 8 8 10 26
Penguins 6 15 9 30

1st period

1. Senators , Loui Eriksson 3 (Phil Kessel, Jonathan Toews) at 7:50 (PP)

Penalties :
Erik Gudbranson (Ott) for Hooking (Minor) at 4:10, Luke Witkowski (Pit) for Hooking (Minor) at 7:09, Mark Fraser (Pit) for Hooking (Minor) at 7:36, Mark Fraser (Pit) for Roughing (Minor) at 18:42

2nd period

2. Penguins , Nate Thompson 1 (Chris Stewart, Mark Fraser) at 8:55 (PP)
3. Senators , Kyle Chipchura 1 (Jake Gardiner, Michael Grabner) at 12:26
4. Senators , Phil Kessel 3 (Jonathan Toews) at 19:09 (SH)

Penalties :
Patrice Cormier (Pit) for Roughing (Minor) at 3:25, Steve Mason (Ott) for Slashing (Double Minor) at 7:57 - Jarome Iginla served the penalty, Phil Kessel (Ott) for Holding Stick (Minor) at 8:18, Mark Fraser (Pit) for Fighting (Major) at 12:52, Jarome Iginla (Ott) for Fighting (Major) at 12:52, Mark Fraser (Pit) for instigated a fight (Minor) at 12:52, Mark Fraser (Pit) for instigated a fight (10 Minutes Misconduct) at 12:52, Jacob Trouba (Pit) for Holding (Minor) at 13:09, Erik Gudbranson (Ott) for Roughing (Minor) at 15:05, Jarome Iginla (Ott) for Cross-checking (Minor) at 18:50

3rd period

5. Senators , Phil Kessel 4 (Jake Gardiner) at 9:46 (PP)
6. Senators , Jarome Iginla 5 (Erik Gudbranson, Steve Mason) at 12:03 (SH)
7. Senators , Jarome Iginla 6 (Kyle Turris, Boone Jenner) at 19:49 (PP)

Penalties :
Kyle Chipchura (Ott) for Interference (Minor) at 1:54, Erik Gudbranson (Ott) for Roughing (Minor) at 2:10, Chris Kelly (Pit) for Roughing (Minor) at 8:58, Jake Gardiner (Ott) for Slashing (Minor) at 10:41, Luke Witkowski (Pit) for Tripping (Minor) at 19:11

Goalie Stats

Steve Mason (Ott), 29 saves from 30 shots - (0.967), W, 4-1-0, 60:00 minutes
Keith Kinkaid (Pit), 14 saves from 18 shots - (0.778), L, 1-2-0, 49:46 minutes
Alex Stalock (Pit), 6 saves from 8 shots - (0.750), 10:14 minutes

Players Stats for Senators

Player Name              G  A  P  +/- PIM S  H  SB GA TA FO     MP     PP MP  PK MP  
------------------------------------------------------------------------------------
Boone Jenner             0  1  1   0  0   1  1  1  2  0  0/0    15:59   4:41   1:02 
Bryan Bickell            0  0  0   0  0   1  1  0  0  0  0/0     4:27   0:00   0:00 
Connor Murphy            0  0  0   0  0   0  0  0  0  0  0/0     2:16   0:00   0:00 
Erik Gudbranson          0  1  1   2  6   1  2  1  0  1  0/0    19:22   4:55   1:48 
Jake Gardiner            0  2  2   1  2   3  0  0  1  0  0/0    19:40   4:56   3:23 
Jarome Iginla            2  0  2   1  7   3  2  0  4  0  1/2    18:05   3:52   1:37 
Johnny Oduya             0  0  0   0  0   1  0  1  0  4  0/0    10:54   0:00   0:00 
Jonathan Toews           0  2  2   1  0   1  2  0  1  3  12/25  24:49   4:20   8:50 
Justin Schultz           0  0  0   1  0   1  1  0  1  0  0/0    13:38   0:00   2:44 
Kyle Brodziak            0  0  0   0  0   0  0  2  0  0  3/5     7:20   0:00   2:07 
Kyle Chipchura           1  0  1   1  2   2  3  0  0  2  3/9    14:13   1:51   0:03 
Kyle Turris              0  1  1   1  0   3  1  0  1  0  8/14   17:11   4:41   1:50 
Loui Eriksson            1  0  1   0  0   1  0  0  3  0  0/1    13:07   4:46   0:00 
Michael Grabner          0  1  1   1  0   5  1  0  3  0  0/0    12:59   0:36   0:00 
Mike Santorelli          0  0  0   1  0   0  0  1  0  1  1/1    12:26   0:36   0:00 
Phil Kessel              2  1  3   1  2   2  0  0  6  0  0/2    21:12   4:46   6:58 
Tyler Myers              0  0  0   1  0   0  1  2  0  2  0/0    28:50   5:07   9:07 
Zach Bogosian            0  0  0   1  0   1  4  0  0  3  0/0    26:34   5:07   9:07 

Players Stats for Penguins

Player Name              G  A  P  +/- PIM S  H  SB GA TA FO     MP     PP MP  PK MP  
------------------------------------------------------------------------------------
Chris Kelly              0  0  0  -2  2   3  1  0  0  1  0/0    15:58   6:11   0:14 
Chris Stewart            0  1  1  -2  0   0  2  0  8  0  0/0    15:45   6:11   0:00 
Christian Ehrhoff        0  0  0  -1  0   2  2  2  1  1  0/0    25:54   4:07   8:14 
Cody Ceci                0  0  0  -1  0   1  1  0  0  2  0/0    21:07   4:40   4:16 
Curtis McKenzie          0  0  0   0  0   0  1  0  0  0  0/0     6:56   0:00   0:00 
Jacob Trouba             0  0  0  -2  2   4  1  5  2  4  0/0    29:06   8:58   5:51 
Jimmy Hayes              0  0  0   0  0   1  0  0  5  0  0/0    13:59   0:00   7:02 
Joakim Lindstrom         0  0  0  -1  0   8  0  0  0  1  1/3    18:32   6:54   1:43 
Jon Merrill              0  0  0  -1  0   1  1  1  0  3  0/0    16:32   4:51   0:00 
Linden Vey               0  0  0   0  0   0  1  1  1  0  3/7     6:56   0:00   0:00 
Luke Glendening          0  0  0   0  0   0  0  0  0  0  0/0     9:41   0:00   0:00 
Luke Witkowski           0  0  0   0  4   2  2  0  0  1  0/0    10:42   0:00   0:00 
Marcus Foligno           0  0  0  -1  0   2  0  1  1  1  0/0    18:16   6:21   1:18 
Mark Fraser              0  1  1  -1  21  0  1  1  0  1  0/0    17:52   4:07   1:43 
Mikael Granlund          0  0  0   0  0   3  0  0  0  0  11/16  16:17   0:00   6:35 
Nail Yakupov             0  0  0   0  0   1  0  0  2  0  0/0     9:41   0:00   0:00 
Nate Thompson            1  0  1  -2  0   2  2  0  2  0  7/12   17:48   6:11   1:18 
Patrice Cormier          0  0  0  -1  2   0  0  0  0  0  9/21   16:48   6:54   0:00 

3 Stars

1 - Phil Kessel (Ott)
2 - Steve Mason (Ott)
3 - Jonathan Toews (Ott)

Power Play

Senators - 3 on 8 Attempt(s) - 37.50%
Penguins - 1 on 8 Attempt(s) - 12.50%

Penalty Kill

Senators - 7 on 8 Attempt(s) - 87.50% - Score 2 goal in Penalty Kill
Penguins - 5 on 8 Attempt(s) - 62.50% - Score 0 goal in Penalty Kill

Team Stat

Senators - Hits : 19 - Faceoff Wins : 28 - Blocked Shots : 8 - Penalty Minutes : 19
Penguins - Hits : 15 - Faceoff Wins : 31 - Blocked Shots : 11 - Penalty Minutes : 31

Official

Referees : Unknown
Linesman : Unknown

Game Notes

Jarome Iginla beats up Mark Fraser at 12:52 of 2nd period
Alex Stalock enters game at 9:46 of 3rd period

Finance

Level 1 -- Attendance: 5697 (94.95%) -- Ticket Income $512,730
Level 2 -- Attendance: 4676 (93.52%) -- Ticket Income $257,180
Level 3 -- Attendance: 1384 (69.20%) -- Ticket Income $48,440
Level 4 -- Attendance: 3361 (84.03%) -- Ticket Income $67,220
Luxury Box -- Attendance: 746 (74.60%) -- Ticket Income $141,740
Game was played at the Consol Energy Center.
Total Attendance: 15864 (88.13%)
Total Ticket Income: $1,027,310
Other Income: $503,382
Total Income: $1,530,692

Senators

5 vs 5 Forward 
   Center                   Left Wing                Right Wing               Time % Phy DF OF 
 1 Jonathan Toews           Loui Eriksson            Phil Kessel              35     1   2  2  
 2 Kyle Turris              Boone Jenner             Jarome Iginla            30     1   2  2  
 3 Kyle Chipchura           Michael Grabner          Mike Santorelli          22     1   2  2  
 4 Kyle Brodziak            Bryan Bickell            Jonathan Toews           13     1   2  2  

5 vs 5 Defense 
   Defense                  Defense                                           Time % Phy DF OF 
 1 Tyler Myers              Zach Bogosian                                     35     1   2  2  
 2 Erik Gudbranson          Jake Gardiner                                     30     1   2  2  
 3 Johnny Oduya             Justin Schultz                                    22     1   2  2  
 4 Connor Murphy            Tyler Myers                                       13     1   2  2  

PowerPlay Forward 
   Center                   Left Wing                Right Wing               Time % Phy DF OF 
 1 Jonathan Toews           Loui Eriksson            Phil Kessel              60     1   2  2  
 2 Kyle Turris              Boone Jenner             Jarome Iginla            40     1   2  2  

PowerPlay Defense
   Defense                  Defense                                           Time % Phy DF OF 
 1 Tyler Myers              Zach Bogosian                                     60     1   2  2  
 2 Erik Gudbranson          Jake Gardiner                                     40     1   2  2  

Penalty Kill 4 Players Forward 
   Center                   Wing                     Time % Phy DF OF 
 1 Jonathan Toews           Phil Kessel              60     1   2  2  
 2 Kyle Turris              Jarome Iginla            40     1   2  2  

Penalty Kill 4 Players Defense
   Defense                  Defense                  Time % Phy DF OF 
 1 Tyler Myers              Zach Bogosian            60     1   2  2  
 2 Erik Gudbranson          Jake Gardiner            40     1   2  2  

Penalty Kill - 3 Players Forward 
   Forward                                           Time % Phy DF OF 
 1 Jonathan Toews                                    60     1   2  2  
 2 Phil Kessel                                       40     1   2  2  

Penalty Kill - 3 Players Defense
   Defense                  Defense                  Time % Phy DF OF 
 1 Tyler Myers              Zach Bogosian            60     1   2  2  
 2 Erik Gudbranson          Jake Gardiner            40     1   2  2  

4 vs 4 Forward 
   Center                   Wing                     Time % Phy DF OF 
 1 Jonathan Toews           Phil Kessel              60     1   2  2  
 2 Kyle Turris              Jarome Iginla            40     1   2  2  

4 vs 4 Defense
   Defense                  Defense                  Time % Phy DF OF 
 1 Tyler Myers              Zach Bogosian            60     1   2  2  
 2 Erik Gudbranson          Jake Gardiner            40     1   2  2  

Last Minutes Offensive
   Center                   Left Wing                Right Wing               Defense                  Defense                  
   Jonathan Toews           Loui Eriksson            Phil Kessel              Tyler Myers              Zach Bogosian            

Last Minutes Defensive
   Center                   Left Wing                Right Wing               Defense                  Defense                  
   Jonathan Toews           Loui Eriksson            Phil Kessel              Tyler Myers              Zach Bogosian            

Goaltenders
Starting : Steve Mason              
Backup : Jacob Markstrom          

Extra Forwards
Normal : Kyle Chipchura, Michael Grabner, Kyle Brodziak - PP : Kyle Chipchura, Michael Grabner - PK : Kyle Brodziak
Extra Defensemen
Normal : Johnny Oduya, Justin Schultz, Connor Murphy - PP : Johnny Oduya - PK : Justin Schultz, Connor Murphy
Penalty Shots
Jonathan Toews, Phil Kessel, Kyle Turris, Jarome Iginla, Loui Eriksson

Penguins

5 vs 5 Forward 
   Center                   Left Wing                Right Wing               Time % Phy DF OF 
 1 Patrice Cormier          Marcus Foligno           Joakim Lindstrom         35     1   2  2  
 2 Nate Thompson            Chris Kelly              Chris Stewart            30     1   2  2  
 3 Mikael Granlund          Nail Yakupov             Luke Glendening          22     1   2  2  
 4 Linden Vey               Curtis McKenzie          Jimmy Hayes              13     1   2  2  

5 vs 5 Defense 
   Defense                  Defense                                           Time % Phy DF OF 
 1 Mark Fraser              Jacob Trouba                                      35     1   2  2  
 2 Christian Ehrhoff        Cody Ceci                                         30     1   2  2  
 3 Jon Merrill              Luke Witkowski                                    22     1   2  2  
 4 Mark Fraser              Jacob Trouba                                      13     1   2  2  

PowerPlay Forward 
   Center                   Left Wing                Right Wing               Time % Phy DF OF 
 1 Patrice Cormier          Marcus Foligno           Joakim Lindstrom         60     1   2  2  
 2 Nate Thompson            Chris Kelly              Chris Stewart            40     1   2  2  

PowerPlay Defense
   Defense                  Defense                                           Time % Phy DF OF 
 1 Mark Fraser              Jacob Trouba                                      60     1   2  2  
 2 Christian Ehrhoff        Cody Ceci                                         40     1   2  2  

Penalty Kill 4 Players Forward 
   Center                   Wing                     Time % Phy DF OF 
 1 Mikael Granlund          Jimmy Hayes              60     1   2  2  
 2 Marcus Foligno           Nate Thompson            40     1   2  2  

Penalty Kill 4 Players Defense
   Defense                  Defense                  Time % Phy DF OF 
 1 Mark Fraser              Jacob Trouba             60     1   2  2  
 2 Christian Ehrhoff        Cody Ceci                40     1   2  2  

Penalty Kill - 3 Players Forward 
   Forward                                           Time % Phy DF OF 
 1 Joakim Lindstrom                                  60     1   2  2  
 2 Patrice Cormier                                   40     1   2  2  

Penalty Kill - 3 Players Defense
   Defense                  Defense                  Time % Phy DF OF 
 1 Mark Fraser              Jacob Trouba             60     1   2  2  
 2 Christian Ehrhoff        Cody Ceci                40     1   2  2  

4 vs 4 Forward 
   Center                   Wing                     Time % Phy DF OF 
 1 Patrice Cormier          Joakim Lindstrom         60     1   2  2  
 2 Marcus Foligno           Nate Thompson            40     1   2  2  

4 vs 4 Defense
   Defense                  Defense                  Time % Phy DF OF 
 1 Mark Fraser              Jacob Trouba             60     1   2  2  
 2 Christian Ehrhoff        Cody Ceci                40     1   2  2  

Last Minutes Offensive
   Center                   Left Wing                Right Wing               Defense                  Defense                  
   Patrice Cormier          Marcus Foligno           Joakim Lindstrom         Mark Fraser              Jacob Trouba             

Last Minutes Defensive
   Center                   Left Wing                Right Wing               Defense                  Defense                  
   Patrice Cormier          Marcus Foligno           Joakim Lindstrom         Mark Fraser              Jacob Trouba             

Goaltenders
Starting : Keith Kinkaid            
Backup : Alex Stalock             

Extra Forwards
Normal : Mikael Granlund, Luke Glendening, Jimmy Hayes - PP : Mikael Granlund, Luke Glendening - PK : Jimmy Hayes
Extra Defensemen
Normal : Jon Merrill, Mark Fraser, Christian Ehrhoff - PP : Jon Merrill - PK : Mark Fraser, Christian Ehrhoff
Penalty Shots
Chris Stewart, Joakim Lindstrom, Marcus Foligno, Nate Thompson, Mikael Granlund

% Time on Ice - Senators

Lines # - Real PCT - Wanted PCT - Time Play
Normal Forward
1 - 28% - 35% - 10:13
2 - 29% - 30% - 10:40
3 - 31% - 22% - 11:29
4 - 12% - 13% - 4:27
Normal Defense
1 - 33% - 35% - 12:17
2 - 31% - 30% - 11:22
3 - 30% - 22% - 10:54
4 - 6% - 13% - 2:16
PP Forward
1 - 53% - 60% - 5:22
2 - 47% - 40% - 4:41
PP Defense
1 - 51% - 60% - 5:07
2 - 49% - 40% - 4:56
PK Forward
1 - 80% - 60% - 7:33
2 - 20% - 40% - 1:50
PK Defense
1 - 70% - 60% - 6:33
2 - 30% - 40% - 2:50
PK3 Forward
1 - 100% - 60% - 3:42
2 - 0% - 40% - 0:00
PK3 Defense
1 - 69% - 60% - 2:34
2 - 31% - 40% - 1:08
44 Forward
1 - 100% - 60% - 0:03
2 - 0% - 40% - 0:00
44 Defense
1 - 100% - 60% - 0:03
2 - 0% - 40% - 0:00
Last Minute Offensive  - 0:00
Last Minute Defensive  - 0:00
Total
Forward - 60:00
Defense - 60:00

% Time on Ice - Penguins

Lines # - Real PCT - Wanted PCT - Time Play
Normal Forward
1 - 27% - 35% - 9:53
2 - 28% - 30% - 10:19
3 - 26% - 22% - 9:41
4 - 19% - 13% - 6:56
Normal Defense
1 - 38% - 35% - 13:57
2 - 30% - 30% - 11:05
3 - 29% - 22% - 10:44
4 - 3% - 13% - 1:03
PP Forward
1 - 53% - 60% - 6:54
2 - 47% - 40% - 6:11
PP Defense
1 - 69% - 60% - 8:58
2 - 31% - 40% - 4:07
PK Forward
1 - 84% - 60% - 6:49
2 - 16% - 40% - 1:18
PK Defense
1 - 72% - 60% - 5:52
2 - 28% - 40% - 2:15
PK3 Forward
1 - 100% - 60% - 1:56
2 - 0% - 40% - 0:00
PK3 Defense
1 - 100% - 60% - 1:56
2 - 0% - 40% - 0:00
44 Forward
1 - 100% - 60% - 0:03
2 - 0% - 40% - 0:00
44 Defense
1 - 100% - 60% - 0:03
2 - 0% - 40% - 0:00
Last Minute Offensive  - 0:00
Last Minute Defensive  - 0:00
Total
Forward - 60:00
Defense - 60:00

Play by Play

1st period


0:01 of 1st period - Jonathan Toews wins face-off versus Patrice Cormier in neutral zone.
0:35 of 1st period - Slapshot by Jacob Trouba.
0:35 of 1st period - Stopped by Steve Mason with a rebound.
0:41 of 1st period - Jacob Trouba is hit by Zach Bogosian and loses puck.
0:49 of 1st period - Icing by Jacob Trouba.
0:50 of 1st period - Kyle Turris wins face-off versus Patrice Cormier in Penguins zone.
0:51 of 1st period - Snap shot by Jarome Iginla.
0:51 of 1st period - Shot Misses the Net.
0:53 of 1st period - Snap shot by Erik Gudbranson.
0:53 of 1st period - Shot Misses the Net.
0:55 of 1st period - Slapshot by Erik Gudbranson.
0:55 of 1st period - Shot Blocked by Jacob Trouba.
1:20 of 1st period - Off-side.
1:21 of 1st period - Nate Thompson wins face-off versus Kyle Chipchura in neutral zone.
1:32 of 1st period - Snap shot by Chris Stewart.
1:32 of 1st period - Shot Blocked by Johnny Oduya.
1:34 of 1st period - Slapshot by Cody Ceci.
1:34 of 1st period - Stopped by Steve Mason with a rebound.
1:36 of 1st period - Slapshot by Nate Thompson.
1:36 of 1st period - Shot Misses the Net.
2:13 of 1st period - Kyle Brodziak is hit by Chris Stewart and loses puck.
2:44 of 1st period - Slapshot by Nail Yakupov.
2:44 of 1st period - Stopped by Steve Mason with a rebound.
2:46 of 1st period - Snap shot by Luke Glendening.
2:46 of 1st period - Deflect By Mikael Granlund.
2:46 of 1st period - Shot Blocked by Kyle Brodziak.
2:46 of 1st period - Puck is out of play.
2:47 of 1st period - Linden Vey wins face-off versus Kyle Turris in Senators zone.
2:56 of 1st period - Backhand shot by Linden Vey.
2:56 of 1st period - Shot Misses the Net.
3:07 of 1st period - Off-side.
3:08 of 1st period - Kyle Chipchura wins face-off versus Patrice Cormier in neutral zone.
3:33 of 1st period - Slapshot by Jake Gardiner.
3:33 of 1st period - Shot Misses the Net.
3:35 of 1st period - Slapshot by Jake Gardiner.
3:35 of 1st period - Deflect By Luke Witkowski.
3:35 of 1st period - Stopped by Keith Kinkaid with a rebound.
3:39 of 1st period - Snap shot by Michael Grabner.
3:39 of 1st period - Stopped by Keith Kinkaid with a rebound.
3:41 of 1st period - Slapshot by Jake Gardiner.
3:41 of 1st period - Shot Misses the Net.
4:10 of 1st period - Minor Penalty to Erik Gudbranson for Hooking.
4:11 of 1st period - Nate Thompson wins face-off versus Jonathan Toews in Senators zone.
5:14 of 1st period - Wrist shot by Joakim Lindstrom.
5:14 of 1st period - Stopped by Steve Mason with a rebound.
5:30 of 1st period - Snap shot by Jonathan Toews.
5:30 of 1st period - Shot Misses the Net.
5:54 of 1st period - Cody Ceci is hit by Kyle Turris and loses puck.
5:59 of 1st period - Snap shot by Kyle Turris.
5:59 of 1st period - Stopped by Keith Kinkaid without a rebound.
6:00 of 1st period - Kyle Turris wins face-off versus Nate Thompson in Penguins zone.
6:03 of 1st period - Slapshot by Jarome Iginla.
6:03 of 1st period - Shot Blocked by Mark Fraser.
6:10 of 1st period - Penalty to Erik Gudbranson is over, Erik Gudbranson is back on ice.
6:46 of 1st period - Mikael Granlund is hit by Michael Grabner and loses puck.
7:09 of 1st period - Minor Penalty to Luke Witkowski for Hooking.
7:10 of 1st period - Mikael Granlund wins face-off versus Jonathan Toews in Penguins zone.
7:14 of 1st period - Off-side.
7:15 of 1st period - Mikael Granlund wins face-off versus Loui Eriksson in neutral zone.
7:33 of 1st period - Snap shot by Loui Eriksson.
7:33 of 1st period - Deflect By Phil Kessel.
7:33 of 1st period - Shot Misses the Net.
7:33 of 1st period - Puck is out of play.
7:34 of 1st period - Mikael Granlund wins face-off versus Kyle Turris in Penguins zone.
7:36 of 1st period - Minor Penalty to Mark Fraser for Hooking.
7:37 of 1st period - Jonathan Toews wins face-off versus Joakim Lindstrom in Penguins zone.
7:50 of 1st period - Wrist shot by Loui Eriksson.
7:50 of 1st period - Goal by Loui Eriksson - Senators : 1 - Penguins : 0.
7:51 of 1st period - Mikael Granlund wins face-off versus Jonathan Toews in neutral zone.
9:36 of 1st period - Penalty to Mark Fraser is over, Mark Fraser is back on ice.
9:44 of 1st period - Justin Schultz is hit by Cody Ceci and loses puck.
10:13 of 1st period - Slapshot by Justin Schultz.
10:13 of 1st period - Deflect By Cody Ceci.
10:13 of 1st period - Stopped by Keith Kinkaid with a rebound.
10:29 of 1st period - Marcus Foligno is hit by Kyle Chipchura and loses puck.
12:47 of 1st period - Slapshot by Chris Stewart.
12:47 of 1st period - Deflect By Tyler Myers.
12:47 of 1st period - Shot Blocked by Tyler Myers.
12:47 of 1st period - Puck is out of play.
12:48 of 1st period - Nate Thompson wins face-off versus Kyle Chipchura in Senators zone.
13:01 of 1st period - Slapshot by Michael Grabner.
13:01 of 1st period - Stopped by Keith Kinkaid with a rebound.
13:22 of 1st period - Slapshot by Bryan Bickell.
13:22 of 1st period - Stopped by Keith Kinkaid without a rebound.
13:23 of 1st period - Mikael Granlund wins face-off versus Kyle Brodziak in Penguins zone.
13:23 of 1st period - Mikael Granlund is hit by Bryan Bickell.
14:07 of 1st period - Slapshot by Joakim Lindstrom.
14:07 of 1st period - Stopped by Steve Mason without a rebound.
14:08 of 1st period - Jonathan Toews wins face-off versus Patrice Cormier in Senators zone.
14:08 of 1st period - Jonathan Toews is hit by Luke Witkowski.
14:47 of 1st period - Off-side.
14:48 of 1st period - Kyle Turris wins face-off versus Linden Vey in neutral zone.
14:51 of 1st period - Christian Ehrhoff is hit by Zach Bogosian and loses puck.
15:17 of 1st period - Snap shot by Jarome Iginla.
15:17 of 1st period - Stopped by Keith Kinkaid without a rebound.
15:18 of 1st period - Jonathan Toews wins face-off versus Nate Thompson in Penguins zone.
15:35 of 1st period - Snap shot by Phil Kessel.
15:35 of 1st period - Shot Misses the Net.
16:27 of 1st period - Loui Eriksson is hit by Jon Merrill and loses puck.
18:31 of 1st period - Slapshot by Nate Thompson.
18:31 of 1st period - Deflect By Chris Kelly.
18:31 of 1st period - Stopped by Steve Mason without a rebound.
18:32 of 1st period - Kyle Brodziak wins face-off versus Mikael Granlund in Senators zone.
18:42 of 1st period - Minor Penalty to Mark Fraser for Roughing.
18:43 of 1st period - Mikael Granlund wins face-off versus Kyle Turris in Penguins zone.
19:15 of 1st period - Jacob Trouba is hit by Jonathan Toews.
19:38 of 1st period - Jacob Trouba is hit by Zach Bogosian and loses puck.
Goals for this period are 1 for Senators vs 0 for Penguins.
Shots for this period are 8 for Senators vs 6 for Penguins.

2nd period


0:01 of 2nd period - Mikael Granlund wins face-off versus Jonathan Toews in neutral zone.
0:26 of 2nd period - Christian Ehrhoff is hit by Zach Bogosian and loses puck.
0:42 of 2nd period - Penalty to Mark Fraser is over, Mark Fraser is back on ice.
1:05 of 2nd period - Wrist shot by Joakim Lindstrom.
1:05 of 2nd period - Stopped by Steve Mason with a rebound.
1:07 of 2nd period - Slapshot by Luke Witkowski.
1:07 of 2nd period - Stopped by Steve Mason with a rebound.
1:15 of 2nd period - Snap shot by Joakim Lindstrom.
1:15 of 2nd period - Stopped by Steve Mason with a rebound.
1:17 of 2nd period - Snap shot by Joakim Lindstrom.
1:17 of 2nd period - Shot Misses the Net.
1:19 of 2nd period - Slapshot by Luke Witkowski.
1:19 of 2nd period - Stopped by Steve Mason with a rebound.
1:52 of 2nd period - Wrist shot by Chris Stewart.
1:52 of 2nd period - Shot Misses the Net.
1:54 of 2nd period - Wrist shot by Chris Stewart.
1:54 of 2nd period - Shot Misses the Net.
3:00 of 2nd period - Snap shot by Kyle Turris.
3:00 of 2nd period - Shot Misses the Net.
3:02 of 2nd period - Snap shot by Jake Gardiner.
3:02 of 2nd period - Deflect By Boone Jenner.
3:02 of 2nd period - Shot Misses the Net.
3:02 of 2nd period - Puck is out of play.
3:03 of 2nd period - Patrice Cormier wins face-off versus Kyle Turris in Penguins zone.
3:25 of 2nd period - Minor Penalty to Patrice Cormier for Roughing.
3:26 of 2nd period - Kyle Turris wins face-off versus Mikael Granlund in Penguins zone.
3:36 of 2nd period - Wrist shot by Jimmy Hayes.
3:36 of 2nd period - Shot Misses the Net.
3:38 of 2nd period - Slapshot by Christian Ehrhoff.
3:38 of 2nd period - Stopped by Steve Mason with a rebound.
3:40 of 2nd period - Snap shot by Christian Ehrhoff.
3:40 of 2nd period - Stopped by Steve Mason with a rebound.
3:42 of 2nd period - Snap shot by Jimmy Hayes.
3:42 of 2nd period - Stopped by Steve Mason without a rebound.
3:43 of 2nd period - Mikael Granlund wins face-off versus Kyle Turris in Senators zone.
5:12 of 2nd period - Jacob Trouba is hit by Kyle Chipchura and loses puck.
5:25 of 2nd period - Penalty to Patrice Cormier is over, Patrice Cormier is back on ice.
5:40 of 2nd period - Icing by Zach Bogosian.
5:41 of 2nd period - Kyle Chipchura wins face-off versus Patrice Cormier in Senators zone.
6:35 of 2nd period - Johnny Oduya is hit by Luke Witkowski.
6:41 of 2nd period - Jake Gardiner is hit by Linden Vey.
7:15 of 2nd period - Wrist shot by Kyle Chipchura.
7:15 of 2nd period - Deflect By Michael Grabner.
7:15 of 2nd period - Stopped by Keith Kinkaid with a rebound.
7:31 of 2nd period - Snap shot by Mikael Granlund.
7:31 of 2nd period - Stopped by Steve Mason with a rebound.
7:33 of 2nd period - Wrist shot by Mikael Granlund.
7:33 of 2nd period - Shot Blocked by Mike Santorelli.
7:57 of 2nd period - Snap shot by Joakim Lindstrom.
7:57 of 2nd period - Stopped by Steve Mason without a rebound.
7:57 of 2nd period - Double Minor Penalty to Steve Mason for Slashing.
7:58 of 2nd period - Kyle Brodziak wins face-off versus Patrice Cormier in Senators zone.
8:18 of 2nd period - Minor Penalty to Phil Kessel for Holding Stick.
8:19 of 2nd period - Nate Thompson wins face-off versus Kyle Brodziak in Senators zone.
8:29 of 2nd period - Slapshot by Jacob Trouba.
8:29 of 2nd period - Shot Blocked by Kyle Brodziak.
8:55 of 2nd period - Backhand shot by Nate Thompson.
8:55 of 2nd period - Goal by Nate Thompson - Senators : 1 - Penguins : 1.
8:56 of 2nd period - Patrice Cormier wins face-off versus Jonathan Toews in neutral zone.
9:19 of 2nd period - Slapshot by Jacob Trouba.
9:19 of 2nd period - Deflect By Marcus Foligno.
9:19 of 2nd period - Stopped by Steve Mason with a rebound.
9:21 of 2nd period - Slapshot by Jacob Trouba.
9:21 of 2nd period - Stopped by Steve Mason with a rebound.
9:23 of 2nd period - Slapshot by Mark Fraser.
9:23 of 2nd period - Deflect By Marcus Foligno.
9:23 of 2nd period - Shot Misses the Net.
9:23 of 2nd period - Puck is out of play.
9:24 of 2nd period - Jonathan Toews wins face-off versus Nate Thompson in Senators zone.
10:18 of 2nd period - Penalty to Phil Kessel is over, Phil Kessel is back on ice.
10:55 of 2nd period - Penalty to Jarome Iginla is over, Jarome Iginla is back on ice.
10:59 of 2nd period - Zach Bogosian is hit by Chris Stewart and loses puck.
11:10 of 2nd period - Mikael Granlund is hit by Jarome Iginla.
11:37 of 2nd period - Snap shot by Mikael Granlund.
11:37 of 2nd period - Stopped by Steve Mason without a rebound.
11:38 of 2nd period - Kyle Turris wins face-off versus Linden Vey in Senators zone.
12:01 of 2nd period - Slapshot by Kyle Turris.
12:01 of 2nd period - Deflect By Boone Jenner.
12:01 of 2nd period - Stopped by Keith Kinkaid with a rebound.
12:03 of 2nd period - Backhand shot by Johnny Oduya.
12:03 of 2nd period - Stopped by Keith Kinkaid with a rebound.
12:05 of 2nd period - Wrist shot by Johnny Oduya.
12:05 of 2nd period - Deflect By Boone Jenner.
12:05 of 2nd period - Shot Blocked by Linden Vey.
12:05 of 2nd period - Puck is out of play.
12:06 of 2nd period - Patrice Cormier wins face-off versus Kyle Chipchura in Penguins zone.
12:06 of 2nd period - Patrice Cormier is hit by Kyle Chipchura.
12:24 of 2nd period - Slapshot by Jake Gardiner.
12:24 of 2nd period - Shot Blocked by Jacob Trouba.
12:26 of 2nd period - Slapshot by Kyle Chipchura.
12:26 of 2nd period - Goal by Kyle Chipchura - Senators : 2 - Penguins : 1.
12:27 of 2nd period - Kyle Turris wins face-off versus Patrice Cormier in neutral zone.
12:52 of 2nd period - Jarome Iginla beats up Mark Fraser.
12:52 of 2nd period - Penalty to Mark Fraser for Fighting.
12:52 of 2nd period - Penalty to Jarome Iginla for Fighting.
12:52 of 2nd period - Penalty to Mark Fraser for instigated a fight.
12:52 of 2nd period - Penalty to Mark Fraser for instigated a fight.
12:53 of 2nd period - Jonathan Toews wins face-off versus Mikael Granlund in Senators zone.
13:09 of 2nd period - Minor Penalty to Jacob Trouba for Holding.
13:10 of 2nd period - Jonathan Toews wins face-off versus Joakim Lindstrom in Penguins zone.
13:14 of 2nd period - Snap shot by Loui Eriksson.
13:14 of 2nd period - Shot Misses the Net.
13:16 of 2nd period - Wrist shot by Jonathan Toews.
13:16 of 2nd period - Stopped by Keith Kinkaid with a rebound.
14:01 of 2nd period - Snap shot by Kyle Turris.
14:01 of 2nd period - Stopped by Keith Kinkaid without a rebound.
14:02 of 2nd period - Joakim Lindstrom wins face-off versus Kyle Turris in Penguins zone.
14:52 of 2nd period - Penalty to Mark Fraser is over, Chris Kelly is send on ice.
15:05 of 2nd period - Minor Penalty to Erik Gudbranson for Roughing.
15:06 of 2nd period - Jonathan Toews wins face-off versus Patrice Cormier in Senators zone.
15:09 of 2nd period - Penalty to Jacob Trouba is over, Jacob Trouba is back on ice.
16:04 of 2nd period - Kyle Brodziak is hit by Jacob Trouba and loses puck.
16:15 of 2nd period - Justin Schultz is hit by Nate Thompson and loses puck.
16:22 of 2nd period - Slapshot by Jake Gardiner.
16:22 of 2nd period - Deflect By Jacob Trouba.
16:22 of 2nd period - Stopped by Keith Kinkaid with a rebound.
16:24 of 2nd period - Snap shot by Kyle Brodziak.
16:24 of 2nd period - Shot Misses the Net.
16:26 of 2nd period - Slapshot by Justin Schultz.
16:26 of 2nd period - Shot Blocked by Jon Merrill.
17:05 of 2nd period - Penalty to Erik Gudbranson is over, Erik Gudbranson is back on ice.
17:31 of 2nd period - Wrist shot by Mikael Granlund.
17:31 of 2nd period - Stopped by Steve Mason without a rebound.
17:32 of 2nd period - Linden Vey wins face-off versus Kyle Chipchura in Senators zone.
17:37 of 2nd period - Slapshot by Jimmy Hayes.
17:37 of 2nd period - Shot Misses the Net.
18:06 of 2nd period - Michael Grabner is hit by Curtis McKenzie.
18:50 of 2nd period - Minor Penalty to Jarome Iginla for Cross-checking.
18:51 of 2nd period - Nate Thompson wins face-off versus Phil Kessel in Senators zone.
19:09 of 2nd period - Slapshot by Phil Kessel.
19:09 of 2nd period - Goal by Phil Kessel - Senators : 3 - Penguins : 1.
19:10 of 2nd period - Patrice Cormier wins face-off versus Jonathan Toews in neutral zone.
19:28 of 2nd period - Wrist shot by Marcus Foligno.
19:28 of 2nd period - Stopped by Steve Mason with a rebound.
Goals for this period are 2 for Senators vs 1 for Penguins.
Shots for this period are 8 for Senators vs 15 for Penguins.

3rd period


0:01 of 3rd period - Patrice Cormier wins face-off versus Jonathan Toews in neutral zone.
0:37 of 3rd period - Snap shot by Joakim Lindstrom.
0:37 of 3rd period - Shot Misses the Net.
0:47 of 3rd period - Jacob Trouba is hit by Tyler Myers and loses puck.
0:50 of 3rd period - Penalty to Jarome Iginla is over, Jarome Iginla is back on ice.
0:54 of 3rd period - Tyler Myers is hit by Chris Kelly and loses puck.
0:59 of 3rd period - Wrist shot by Chris Stewart.
0:59 of 3rd period - Shot Misses the Net.
1:54 of 3rd period - Minor Penalty to Kyle Chipchura for Interference.
1:55 of 3rd period - Jarome Iginla wins face-off versus Patrice Cormier in Senators zone.
2:10 of 3rd period - Minor Penalty to Erik Gudbranson for Roughing.
2:11 of 3rd period - Patrice Cormier wins face-off versus Jonathan Toews in Senators zone.
2:35 of 3rd period - Slapshot by Jacob Trouba.
2:35 of 3rd period - Shot Misses the Net.
2:41 of 3rd period - Wrist shot by Joakim Lindstrom.
2:41 of 3rd period - Stopped by Steve Mason without a rebound.
2:42 of 3rd period - Jonathan Toews wins face-off versus Nate Thompson in Senators zone.
2:59 of 3rd period - Slapshot by Chris Kelly.
2:59 of 3rd period - Stopped by Steve Mason with a rebound.
3:54 of 3rd period - Penalty to Kyle Chipchura is over, Kyle Chipchura is back on ice.
4:10 of 3rd period - Penalty to Erik Gudbranson is over, Erik Gudbranson is back on ice.
4:37 of 3rd period - Cody Ceci is hit by Jarome Iginla.
4:41 of 3rd period - Snap shot by Mikael Granlund.
4:41 of 3rd period - Shot Blocked by Tyler Myers.
4:43 of 3rd period - Slapshot by Jacob Trouba.
4:43 of 3rd period - Stopped by Steve Mason without a rebound.
4:44 of 3rd period - Mike Santorelli wins face-off versus Linden Vey in Senators zone.
4:55 of 3rd period - Snap shot by Mike Santorelli.
4:55 of 3rd period - Shot Misses the Net.
5:03 of 3rd period - Slapshot by Justin Schultz.
5:03 of 3rd period - Shot Misses the Net.
5:05 of 3rd period - Wrist shot by Kyle Chipchura.
5:05 of 3rd period - Shot Misses the Net.
5:11 of 3rd period - Slapshot by Michael Grabner.
5:11 of 3rd period - Shot Blocked by Jacob Trouba.
5:47 of 3rd period - Marcus Foligno is hit by Justin Schultz and loses puck.
6:14 of 3rd period - Snap shot by Phil Kessel.
6:14 of 3rd period - Shot Misses the Net.
6:38 of 3rd period - Luke Glendening is hit by Erik Gudbranson and loses puck.
6:53 of 3rd period - Wrist shot by Bryan Bickell.
6:53 of 3rd period - Shot Misses the Net.
7:05 of 3rd period - Wrist shot by Boone Jenner.
7:05 of 3rd period - Shot Blocked by Christian Ehrhoff.
7:11 of 3rd period - Kyle Turris is hit by Christian Ehrhoff and loses puck.
7:28 of 3rd period - Snap shot by Chris Stewart.
7:28 of 3rd period - Shot Misses the Net.
7:30 of 3rd period - Snap shot by Nate Thompson.
7:30 of 3rd period - Stopped by Steve Mason with a rebound.
7:32 of 3rd period - Slapshot by Cody Ceci.
7:32 of 3rd period - Shot Blocked by Erik Gudbranson.
7:34 of 3rd period - Snap shot by Chris Stewart.
7:34 of 3rd period - Shot Blocked by Boone Jenner.
7:36 of 3rd period - Slapshot by Jacob Trouba.
7:36 of 3rd period - Shot Misses the Net.
7:38 of 3rd period - Slapshot by Jacob Trouba.
7:38 of 3rd period - Stopped by Steve Mason with a rebound.
7:40 of 3rd period - Slapshot by Jon Merrill.
7:40 of 3rd period - Stopped by Steve Mason without a rebound.
7:41 of 3rd period - Linden Vey wins face-off versus Jonathan Toews in Senators zone.
7:52 of 3rd period - 10 Minutes Misconduct Penalty to Mark Fraser is over.
8:48 of 3rd period - Wrist shot by Michael Grabner.
8:48 of 3rd period - Stopped by Keith Kinkaid with a rebound.
8:58 of 3rd period - Minor Penalty to Chris Kelly for Roughing.
8:59 of 3rd period - Mikael Granlund wins face-off versus Jarome Iginla in Penguins zone.
9:26 of 3rd period - Off-side.
9:27 of 3rd period - Mikael Granlund wins face-off versus Phil Kessel in neutral zone.
9:46 of 3rd period - Snap shot by Phil Kessel.
9:46 of 3rd period - Goal by Phil Kessel - Senators : 4 - Penguins : 1.
9:46 of 3rd period - Alex Stalock enters game.
9:47 of 3rd period - Kyle Chipchura wins face-off versus Patrice Cormier in neutral zone.
9:56 of 3rd period - Slapshot by Jake Gardiner.
9:56 of 3rd period - Shot Misses the Net.
9:58 of 3rd period - Snap shot by Michael Grabner.
9:58 of 3rd period - Shot Blocked by Marcus Foligno.
10:14 of 3rd period - Snap shot by Joakim Lindstrom.
10:14 of 3rd period - Deflect By Erik Gudbranson.
10:14 of 3rd period - Stopped by Steve Mason with a rebound.
10:41 of 3rd period - Minor Penalty to Jake Gardiner for Slashing.
10:42 of 3rd period - Jonathan Toews wins face-off versus Nate Thompson in Senators zone.
11:34 of 3rd period - Jonathan Toews is hit by Mark Fraser and loses puck.
12:03 of 3rd period - Snap shot by Jarome Iginla.
12:03 of 3rd period - Goal by Jarome Iginla - Senators : 5 - Penguins : 1.
12:04 of 3rd period - Jonathan Toews wins face-off versus Patrice Cormier in neutral zone.
12:06 of 3rd period - Off-side.
12:07 of 3rd period - Jonathan Toews wins face-off versus Patrice Cormier in neutral zone.
12:10 of 3rd period - Marcus Foligno is hit by Jonathan Toews and loses puck.
12:41 of 3rd period - Penalty to Jake Gardiner is over, Jake Gardiner is back on ice.
12:47 of 3rd period - Snap shot by Chris Kelly.
12:47 of 3rd period - Shot Misses the Net.
13:01 of 3rd period - Zach Bogosian is hit by Nate Thompson and loses puck.
13:18 of 3rd period - Mark Fraser is hit by Boone Jenner and loses puck.
13:39 of 3rd period - Luke Glendening is hit by Erik Gudbranson and loses puck.
13:52 of 3rd period - Slapshot by Michael Grabner.
13:52 of 3rd period - Shot Misses the Net.
13:54 of 3rd period - Snap shot by Jake Gardiner.
13:54 of 3rd period - Shot Misses the Net.
13:56 of 3rd period - Snap shot by Michael Grabner.
13:56 of 3rd period - Shot Blocked by Jacob Trouba.
13:58 of 3rd period - Wrist shot by Erik Gudbranson.
13:58 of 3rd period - Shot Blocked by Jacob Trouba.
14:00 of 3rd period - Slapshot by Jake Gardiner.
14:00 of 3rd period - Stopped by Alex Stalock without a rebound.
14:01 of 3rd period - Kyle Brodziak wins face-off versus Linden Vey in Penguins zone.
15:12 of 3rd period - Wrist shot by Patrice Cormier.
15:12 of 3rd period - Shot Misses the Net.
15:28 of 3rd period - Snap shot by Joakim Lindstrom.
15:28 of 3rd period - Stopped by Steve Mason without a rebound.
15:29 of 3rd period - Nate Thompson wins face-off versus Jonathan Toews in Senators zone.
16:37 of 3rd period - Off-side.
16:38 of 3rd period - Mikael Granlund wins face-off versus Kyle Chipchura in neutral zone.
16:49 of 3rd period - Wrist shot by Michael Grabner.
16:49 of 3rd period - Stopped by Alex Stalock with a rebound.
16:51 of 3rd period - Snap shot by Mike Santorelli.
16:51 of 3rd period - Shot Misses the Net.
16:53 of 3rd period - Slapshot by Erik Gudbranson.
16:53 of 3rd period - Deflect By Luke Glendening.
16:53 of 3rd period - Stopped by Alex Stalock with a rebound.
16:55 of 3rd period - Wrist shot by Michael Grabner.
16:55 of 3rd period - Deflect By Kyle Chipchura.
16:55 of 3rd period - Shot Blocked by Christian Ehrhoff.
16:55 of 3rd period - Puck is out of play.
16:56 of 3rd period - Patrice Cormier wins face-off versus Jonathan Toews in Penguins zone.
17:02 of 3rd period - Off-side.
17:03 of 3rd period - Patrice Cormier wins face-off versus Jonathan Toews in neutral zone.
17:56 of 3rd period - Kyle Turris is hit by Christian Ehrhoff and loses puck.
18:42 of 3rd period - Wrist shot by Chris Stewart.
18:42 of 3rd period - Deflect By Chris Kelly.
18:42 of 3rd period - Stopped by Steve Mason without a rebound.
18:43 of 3rd period - Nate Thompson wins face-off versus Kyle Chipchura in Senators zone.
19:09 of 3rd period - Slapshot by Kyle Chipchura.
19:09 of 3rd period - Stopped by Alex Stalock with a rebound.
19:11 of 3rd period - Minor Penalty to Luke Witkowski for Tripping.
19:12 of 3rd period - Kyle Turris wins face-off versus Mikael Granlund in Penguins zone.
19:17 of 3rd period - Wrist shot by Kyle Turris.
19:17 of 3rd period - Stopped by Alex Stalock with a rebound.
19:19 of 3rd period - Snap shot by Zach Bogosian.
19:19 of 3rd period - Stopped by Alex Stalock without a rebound.
19:20 of 3rd period - Kyle Turris wins face-off versus Mikael Granlund in Penguins zone.
19:49 of 3rd period - Snap shot by Jarome Iginla.
19:49 of 3rd period - Goal by Jarome Iginla - Senators : 6 - Penguins : 1.
19:50 of 3rd period - Patrice Cormier wins face-off versus Jonathan Toews in neutral zone.
Goals for this period are 3 for Senators vs 0 for Penguins.
Shots for this period are 10 for Senators vs 9 for Penguins.